Sabres vs Canadiens

Created - March 3 2011 at 18:56

Goals
1 2 3 T
Sabres 1 1 0 2
Canadiens 0 1 0 1
Shots
1 2 3 T
Sabres 13 14 10 37
Canadiens 6 5 9 20

Period #1

1. Sabres , Brian Gionta 32 (Tyler Myers, Marty Turco) at 2:45 (PP)

Penalties :
Brent Seabrook (MTL) for Goalie Interference (Minor) at 0:03, R.J. Umberger (MTL) for Hooking (Minor) at 1:32, Rick Nash (MTL) for Tripping (Minor) at 11:39, Brent Seabrook (MTL) for Hooking (Minor) at 14:11, Luke Schenn (BUF) for Slashing (Minor) at 16:45

Period #2

2. Sabres , Brian Gionta 33 (James Neal) at 5:16 (PP)
3. Canadiens , Ed Jovanovski 11 (Tom Gilbert, Jaroslav Halak) at 17:17 (PP)

Penalties :
Kyle Quincey (BUF) for Close Hand On Puck (Minor) at 1:59, Francis Bouillon (MTL) for Elbowing (Minor) at 4:24, Luke Schenn (BUF) for Slashing (Minor) at 14:15, Chris Phillips (BUF) for Holding (Minor) at 16:32

Period #3

No Goal

Penalties :
Rick Nash (MTL) for Delaying the game (Minor) at 2:10, Chris Phillips (BUF) for Tripping (Minor) at 9:05, Chris Phillips (BUF) for Hooking (Minor) at 11:10, Jeff Schultz (BUF) for Holding (Minor) at 16:36

Goalie Stats

Marty Turco (BUF), 19 saves from 20 shots - (0.950), W, 32-17-10, 60:00 minutes
Jaroslav Halak (MTL), 35 saves from 37 shots - (0.946), L, 25-24-5, 59:20 minutes

Players Stats

Sabres
Player Name              G  A  P  +/- PIM S  H  SB FO    MP 
------------------------------------------------------------
Brian Gionta             2  0  2   0  0   7  0  0  2/4   22 
Chris Phillips           0  0  0   0  6   0  1  0  0/0   18 
David Legwand            0  0  0   0  0   0  0  0  8/13  18 
Devin Setoguchi          0  0  0   0  0   3  2  0  0/0   12 
Eric Fehr                0  0  0   0  0   0  0  0  0/0   4  
James Neal               0  1  1   0  0   3  5  0  2/4   18 
Jeff Schultz             0  0  0   0  2   1  0  1  0/0   22 
Johan Franzen            0  0  0   0  0   5  1  0  1/1   12 
Kyle Quincey             0  0  0   0  2   2  0  3  0/0   24 
Luke Schenn              0  0  0   0  4   0  1  0  0/0   16 
Mike Richards            0  0  0   0  0   2  1  0  15/28 23 
Rickard Wallin           0  0  0   0  0   0  0  0  2/6   4  
Ryan Kesler              0  0  0   0  0   5  0  1  18/30 21 
Steve Downie             0  0  0   0  0   1  2  0  0/1   4  
Teemu Selanne            0  0  0   0  0   1  0  0  0/0   15 
Tuomo Ruutu              0  0  0   0  0   3  3  0  1/5   16 
Tyler Myers              0  1  1   0  0   2  0  1  0/0   23 
Victor Hedman            0  0  0   0  0   2  2  1  0/0   15 
Canadiens
Player Name              G  A  P  +/- PIM S  H  SB FO    MP 
------------------------------------------------------------
Brent Seabrook           0  0  0   0  4   3  4  2  0/0   19 
Ed Jovanovski            1  0  1   0  0   1  0  2  0/0   21 
Francis Bouillon         0  0  0   0  2   0  2  2  0/0   14 
Ilya Kovalchuk           0  0  0   0  0   3  1  0  1/5   21 
Jeff Taffe               0  0  0   0  0   0  0  0  0/0   11 
Jesse Joensuu            0  0  0   0  0   0  0  0  1/1   16 
John Erskine             0  0  0   0  0   0  0  0  0/0   5  
Martin Havlat            0  0  0   0  0   0  0  1  3/5   18 
Patrick Kane             0  0  0   0  0   4  1  0  0/0   15 
Patrick Sharp            0  0  0   0  0   1  1  0  0/1   17 
R.J. Umberger            0  0  0   0  2   0  0  0  12/23 20 
Rick Nash                0  0  0   0  4   2  3  0  1/5   17 
Shawn Horcoff            0  0  0   0  0   0  0  0  13/25 16 
Steve Begin              0  0  0   0  0   0  0  0  0/1   1  
Tim Gleason              0  0  0   0  0   0  2  0  0/0   10 
Tom Gilbert              0  1  1   0  0   1  0  2  0/0   26 
Tomas Plekanec           0  0  0   0  0   5  4  0  12/26 22 
Toni Lydman              0  0  0   0  0   0  1  2  0/0   22 

3 Stars

1 - Brian Gionta (BUF)
2 - Marty Turco (BUF)
3 - Jaroslav Halak (MTL)

Power Play

Sabres - 2 on 6 Attempt(s) - 33.33%
Canadiens - 1 on 7 Attempt(s) - 14.29%

Penalty Kill

Sabres - 6 on 7 Attempt(s) - 85.71% - Score 0 goal in Penalty Kill
Canadiens - 4 on 6 Attempt(s) - 66.67% - Score 0 goal in Penalty Kill

Game Notes

No Game Note

Finance

Level 1 -- Attendance: 3642 (56.03%) -- Ticket Income $455,250.00
Level 2 -- Attendance: 3174 (63.48%) -- Ticket Income $222,180.00
Level 3 -- Attendance: 2407 (68.77%) -- Ticket Income $101,094.00
Level 4 -- Attendance: 1549 (29.38%) -- Ticket Income $46,470.00
Luxury Box -- Attendance: 662 (66.20%) -- Ticket Income $165,500.00
Game was played at the Bell Centre
Total Attendance: 11434 (53.75%)
Total Ticket Income: $1,065,584.00
Other Income: $211,153.50
Total Income: $1,276,738.00


Play by Play

Period #1

0:01 of 1st period - Mike Richards wins face-off versus Tomas Plekanec in neutral zone.
0:03 of 1st period - Minor Penalty to Brent Seabrook for Goalie Interference.
0:04 of 1st period - Shawn Horcoff wins face-off versus Ryan Kesler in Canadiens zone.
0:17 of 1st period - Shot by Teemu Selanne.
0:17 of 1st period - Shot Misses the Net.
0:19 of 1st period - Shot by Ryan Kesler.
0:19 of 1st period - Stopped by Jaroslav Halak without a rebound.
0:20 of 1st period - Mike Richards wins face-off versus Shawn Horcoff in Canadiens zone.
0:31 of 1st period - Shot by James Neal.
0:31 of 1st period - Shot Blocked by Ed Jovanovski.
1:13 of 1st period - Shot by Teemu Selanne.
1:13 of 1st period - Shot Misses the Net.
1:17 of 1st period - Shot by Ryan Kesler.
1:17 of 1st period - Shot Hit the Post.
1:32 of 1st period - Minor Penalty to R.J. Umberger for Hooking.
1:33 of 1st period - Martin Havlat wins face-off versus Ryan Kesler in Canadiens zone.
1:59 of 1st period - Shot by Tuomo Ruutu.
1:59 of 1st period - Stopped by Jaroslav Halak without a rebound.
2:00 of 1st period - Tomas Plekanec wins face-off versus Mike Richards in Canadiens zone.
2:21 of 1st period - Shot by Tyler Myers.
2:21 of 1st period - Stopped by Jaroslav Halak without a rebound.
2:22 of 1st period - Ryan Kesler wins face-off versus Shawn Horcoff in Canadiens zone.
2:23 of 1st period - Shot by Victor Hedman.
2:23 of 1st period - Shot Misses the Net.
2:25 of 1st period - Shot by Ryan Kesler.
2:25 of 1st period - Stopped by Jaroslav Halak without a rebound.
2:26 of 1st period - Mike Richards wins face-off versus Shawn Horcoff in Canadiens zone.
2:45 of 1st period - Shot by Brian Gionta.
2:45 of 1st period - Goal by Brian Gionta - Sabres : 1 - Canadiens : 0.
2:46 of 1st period - David Legwand wins face-off versus Tomas Plekanec in neutral zone.
2:53 of 1st period - Shot by Johan Franzen.
2:53 of 1st period - Stopped by Jaroslav Halak with a rebound.
2:58 of 1st period - Ilya Kovalchuk is hit by Devin Setoguchi and loses puck.
3:11 of 1st period - Shot by Patrick Kane.
3:11 of 1st period - Shot Misses the Net.
3:13 of 1st period - Shot by Patrick Kane.
3:13 of 1st period - Stopped by Marty Turco without a rebound.
3:14 of 1st period - Ryan Kesler wins face-off versus R.J. Umberger in Sabres zone.
3:48 of 1st period - Icing by Ed Jovanovski.
3:49 of 1st period - Mike Richards wins face-off versus R.J. Umberger in Canadiens zone.
4:25 of 1st period - Icing by Ed Jovanovski.
4:26 of 1st period - David Legwand wins face-off versus R.J. Umberger in Canadiens zone.
4:29 of 1st period - Shot by Johan Franzen.
4:29 of 1st period - Shot Misses the Net.
4:31 of 1st period - Shot by Johan Franzen.
4:31 of 1st period - Stopped by Jaroslav Halak with a rebound.
4:35 of 1st period - Shot by Devin Setoguchi.
4:35 of 1st period - Shot Blocked by Ed Jovanovski.
4:40 of 1st period - Shot by Kyle Quincey.
4:40 of 1st period - Shot Blocked by Toni Lydman.
4:42 of 1st period - Shot by Kyle Quincey.
4:42 of 1st period - Deflect By Devin Setoguchi.
4:42 of 1st period - Stopped by Jaroslav Halak without a rebound.
4:43 of 1st period - Rickard Wallin wins face-off versus Tomas Plekanec in Canadiens zone.
4:59 of 1st period - Shot by Tomas Plekanec.
4:59 of 1st period - Shot Misses the Net.
5:03 of 1st period - Shot by Tom Gilbert.
5:03 of 1st period - Stopped by Marty Turco without a rebound.
5:04 of 1st period - Ryan Kesler wins face-off versus Shawn Horcoff in Sabres zone.
5:25 of 1st period - Shot by Ryan Kesler.
5:25 of 1st period - Stopped by Jaroslav Halak without a rebound.
5:26 of 1st period - Tomas Plekanec wins face-off versus Mike Richards in Canadiens zone.
5:48 of 1st period - Brian Gionta is hit by Brent Seabrook and loses puck.
7:37 of 1st period - Shot by Ilya Kovalchuk.
7:37 of 1st period - Shot Blocked by Kyle Quincey.
7:39 of 1st period - Shot by Brent Seabrook.
7:39 of 1st period - Stopped by Marty Turco without a rebound.
7:40 of 1st period - Ryan Kesler wins face-off versus Steve Begin in Sabres zone.
7:58 of 1st period - Shot by Steve Begin.
7:58 of 1st period - Shot Misses the Net.
8:00 of 1st period - Shot by Francis Bouillon.
8:00 of 1st period - Shot Misses the Net.
8:18 of 1st period - Shot by Teemu Selanne.
8:18 of 1st period - Shot Misses the Net.
8:46 of 1st period - Shot by Patrick Kane.
8:46 of 1st period - Shot Misses the Net.
9:33 of 1st period - Off-side.
9:34 of 1st period - Shawn Horcoff wins face-off versus James Neal in neutral zone.
11:13 of 1st period - Icing by Jeff Taffe.
11:14 of 1st period - Tomas Plekanec wins face-off versus David Legwand in Canadiens zone.
11:16 of 1st period - Icing by Jesse Joensuu.
11:17 of 1st period - Tomas Plekanec wins face-off versus Brian Gionta in Canadiens zone.
11:21 of 1st period - Off-side.
11:22 of 1st period - David Legwand wins face-off versus Patrick Sharp in neutral zone.
11:27 of 1st period - Shot by Johan Franzen.
11:27 of 1st period - Stopped by Jaroslav Halak with a rebound.
11:38 of 1st period - Off-side.
11:39 of 1st period - Mike Richards wins face-off versus R.J. Umberger in neutral zone.
11:39 of 1st period - Minor Penalty to Rick Nash for Tripping.
11:40 of 1st period - R.J. Umberger wins face-off versus Mike Richards in Canadiens zone.
12:53 of 1st period - Shot by Tuomo Ruutu.
12:53 of 1st period - Stopped by Jaroslav Halak without a rebound.
12:54 of 1st period - Tuomo Ruutu wins face-off versus R.J. Umberger in Canadiens zone.
13:03 of 1st period - Shot by Ryan Kesler.
13:03 of 1st period - Stopped by Jaroslav Halak without a rebound.
13:04 of 1st period - James Neal wins face-off versus Shawn Horcoff in Canadiens zone.
13:51 of 1st period - Devin Setoguchi is hit by Brent Seabrook and loses puck.
14:11 of 1st period - Minor Penalty to Brent Seabrook for Hooking.
14:12 of 1st period - Shawn Horcoff wins face-off versus Ryan Kesler in Canadiens zone.
14:30 of 1st period - Icing by Victor Hedman.
14:31 of 1st period - R.J. Umberger wins face-off versus Ryan Kesler in Sabres zone.
15:18 of 1st period - Shot by Tyler Myers.
15:18 of 1st period - Stopped by Jaroslav Halak without a rebound.
15:19 of 1st period - Shawn Horcoff wins face-off versus Mike Richards in Canadiens zone.
16:19 of 1st period - Devin Setoguchi is hit by Brent Seabrook and loses puck.
16:38 of 1st period - Shot by Patrick Kane.
16:38 of 1st period - Stopped by Marty Turco with a rebound.
16:44 of 1st period - Shot by Patrick Kane.
16:44 of 1st period - Shot Blocked by Kyle Quincey.
16:45 of 1st period - Minor Penalty to Luke Schenn for Slashing.
16:46 of 1st period - Ryan Kesler wins face-off versus R.J. Umberger in Sabres zone.
16:46 of 1st period - Ryan Kesler is hit by Rick Nash.
17:42 of 1st period - Off-side.
17:43 of 1st period - David Legwand wins face-off versus Tomas Plekanec in neutral zone.
18:12 of 1st period - Shot by Patrick Sharp.
18:12 of 1st period - Stopped by Marty Turco without a rebound.
18:13 of 1st period - Ryan Kesler wins face-off versus R.J. Umberger in Sabres zone.
18:47 of 1st period - R.J. Umberger is hit by Tuomo Ruutu and loses puck.
18:57 of 1st period - Jesse Joensuu is hit by Victor Hedman and loses puck.
19:02 of 1st period - Shot by Tomas Plekanec.
19:02 of 1st period - Shot Misses the Net.
19:06 of 1st period - Shot by Brent Seabrook.
19:06 of 1st period - Stopped by Marty Turco without a rebound.
19:07 of 1st period - Shawn Horcoff wins face-off versus Steve Downie in Sabres zone.
19:07 of 1st period - Tim Gleason is hit by Chris Phillips and loses puck.

Period #2

0:01 of 2nd period - Mike Richards wins face-off versus Ilya Kovalchuk in neutral zone.
0:06 of 2nd period - Shot by Brian Gionta.
0:06 of 2nd period - Shot Blocked by Brent Seabrook.
0:20 of 2nd period - Shot by Tomas Plekanec.
0:20 of 2nd period - Stopped by Marty Turco without a rebound.
0:21 of 2nd period - Rick Nash wins face-off versus David Legwand in Sabres zone.
0:34 of 2nd period - Shot by Johan Franzen.
0:34 of 2nd period - Stopped by Jaroslav Halak without a rebound.
0:35 of 2nd period - Ryan Kesler wins face-off versus Shawn Horcoff in Canadiens zone.
0:46 of 2nd period - Shot by Tuomo Ruutu.
0:46 of 2nd period - Stopped by Jaroslav Halak without a rebound.
0:47 of 2nd period - Brian Gionta wins face-off versus Tomas Plekanec in Canadiens zone.
0:47 of 2nd period - James Neal is hit by Francis Bouillon and loses puck.
1:02 of 2nd period - Shot by James Neal.
1:02 of 2nd period - Deflect By Mike Richards.
1:02 of 2nd period - Stopped by Jaroslav Halak with a rebound.
1:04 of 2nd period - Shot by Mike Richards.
1:04 of 2nd period - Deflect By Brian Gionta.
1:04 of 2nd period - Stopped by Jaroslav Halak without a rebound.
1:05 of 2nd period - David Legwand wins face-off versus Shawn Horcoff in Canadiens zone.
1:17 of 2nd period - Tim Gleason is hit by Devin Setoguchi and loses puck.
1:59 of 2nd period - Minor Penalty to Kyle Quincey for Close Hand On Puck.
2:00 of 2nd period - Mike Richards wins face-off versus Tomas Plekanec in Sabres zone.
2:55 of 2nd period - Shot by Brent Seabrook.
2:55 of 2nd period - Shot Blocked by Ryan Kesler.
2:57 of 2nd period - Shot by Brent Seabrook.
2:57 of 2nd period - Shot Misses the Net.
3:08 of 2nd period - Icing by Rick Nash.
3:09 of 2nd period - Ryan Kesler wins face-off versus Rick Nash in Canadiens zone.
3:15 of 2nd period - Icing by Brent Seabrook.
3:16 of 2nd period - Ryan Kesler wins face-off versus R.J. Umberger in Canadiens zone.
4:09 of 2nd period - Shot by Tomas Plekanec.
4:09 of 2nd period - Stopped by Marty Turco with a rebound.
4:17 of 2nd period - Icing by Francis Bouillon.
4:18 of 2nd period - Mike Richards wins face-off versus Tomas Plekanec in Canadiens zone.
4:18 of 2nd period - Kyle Quincey is hit by Francis Bouillon and loses puck.
4:21 of 2nd period - Shot by Devin Setoguchi.
4:21 of 2nd period - Shot Misses the Net.
4:23 of 2nd period - Shot by Mike Richards.
4:23 of 2nd period - Shot Blocked by Toni Lydman.
4:24 of 2nd period - Minor Penalty to Francis Bouillon for Elbowing.
4:25 of 2nd period - Shawn Horcoff wins face-off versus Ryan Kesler in Canadiens zone.
5:16 of 2nd period - Shot by Brian Gionta.
5:16 of 2nd period - Goal by Brian Gionta - Sabres : 2 - Canadiens : 0.
5:17 of 2nd period - Tomas Plekanec wins face-off versus Mike Richards in neutral zone.
5:58 of 2nd period - Icing by Tim Gleason.
5:59 of 2nd period - Shawn Horcoff wins face-off versus David Legwand in Canadiens zone.
6:01 of 2nd period - Icing by Ilya Kovalchuk.
6:02 of 2nd period - David Legwand wins face-off versus Shawn Horcoff in Canadiens zone.
6:15 of 2nd period - Shot by Devin Setoguchi.
6:15 of 2nd period - Stopped by Jaroslav Halak with a rebound.
6:48 of 2nd period - Off-side.
6:49 of 2nd period - R.J. Umberger wins face-off versus Ryan Kesler in neutral zone.
6:51 of 2nd period - Off-side.
6:52 of 2nd period - Ryan Kesler wins face-off versus Rick Nash in neutral zone.
7:01 of 2nd period - Shot by Teemu Selanne.
7:01 of 2nd period - Shot Misses the Net.
7:46 of 2nd period - Icing by Chris Phillips.
7:47 of 2nd period - Shawn Horcoff wins face-off versus Tuomo Ruutu in Sabres zone.
8:34 of 2nd period - Shot by Mike Richards.
8:34 of 2nd period - Shot Blocked by Martin Havlat.
8:36 of 2nd period - Shot by Mike Richards.
8:36 of 2nd period - Deflect By Brian Gionta.
8:36 of 2nd period - Shot Hit the Post.
8:38 of 2nd period - Shot by Mike Richards.
8:38 of 2nd period - Shot Blocked by Tom Gilbert.
8:40 of 2nd period - Shot by Jeff Schultz.
8:40 of 2nd period - Stopped by Jaroslav Halak without a rebound.
8:41 of 2nd period - Johan Franzen wins face-off versus Tomas Plekanec in Canadiens zone.
10:44 of 2nd period - Shot by James Neal.
10:44 of 2nd period - Stopped by Jaroslav Halak with a rebound.
10:53 of 2nd period - Icing by Patrick Sharp.
10:54 of 2nd period - R.J. Umberger wins face-off versus Tuomo Ruutu in Canadiens zone.
10:56 of 2nd period - Rick Nash is hit by Tuomo Ruutu and loses puck.
11:11 of 2nd period - Icing by Patrick Sharp.
11:12 of 2nd period - R.J. Umberger wins face-off versus Rickard Wallin in Canadiens zone.
11:12 of 2nd period - Patrick Sharp is hit by Steve Downie and loses puck.
11:21 of 2nd period - Shot by Eric Fehr.
11:21 of 2nd period - Deflect By Steve Downie.
11:21 of 2nd period - Stopped by Jaroslav Halak with a rebound.
11:23 of 2nd period - Shot by Chris Phillips.
11:23 of 2nd period - Shot Misses the Net.
11:25 of 2nd period - Shot by Kyle Quincey.
11:25 of 2nd period - Stopped by Jaroslav Halak without a rebound.
11:26 of 2nd period - Shawn Horcoff wins face-off versus Tuomo Ruutu in Canadiens zone.
11:26 of 2nd period - Shawn Horcoff is hit by Tuomo Ruutu.
11:50 of 2nd period - Shot by Ilya Kovalchuk.
11:50 of 2nd period - Shot Misses the Net.
12:03 of 2nd period - Ilya Kovalchuk is hit by Victor Hedman.
12:28 of 2nd period - Brian Gionta is hit by Toni Lydman and loses puck.
12:31 of 2nd period - Shot by Mike Richards.
12:31 of 2nd period - Deflect By Brian Gionta.
12:31 of 2nd period - Stopped by Jaroslav Halak with a rebound.
12:33 of 2nd period - Shot by Mike Richards.
12:33 of 2nd period - Stopped by Jaroslav Halak without a rebound.
12:34 of 2nd period - Tomas Plekanec wins face-off versus David Legwand in Canadiens zone.
12:38 of 2nd period - Icing by Francis Bouillon.
12:39 of 2nd period - Tomas Plekanec wins face-off versus Mike Richards in Canadiens zone.
12:44 of 2nd period - Shawn Horcoff is hit by James Neal and loses puck.
12:59 of 2nd period - Shot by Brian Gionta.
12:59 of 2nd period - Stopped by Jaroslav Halak without a rebound.
13:00 of 2nd period - David Legwand wins face-off versus Tomas Plekanec in Canadiens zone.
13:11 of 2nd period - Shot by Patrick Kane.
13:11 of 2nd period - Stopped by Marty Turco without a rebound.
13:12 of 2nd period - Mike Richards wins face-off versus Martin Havlat in Sabres zone.
13:12 of 2nd period - James Neal is hit by Ilya Kovalchuk.
13:18 of 2nd period - Shot by Brian Gionta.
13:18 of 2nd period - Shot Misses the Net.
13:53 of 2nd period - Icing by Toni Lydman.
13:54 of 2nd period - R.J. Umberger wins face-off versus David Legwand in Canadiens zone.
13:54 of 2nd period - R.J. Umberger is hit by Johan Franzen.
14:14 of 2nd period - Rick Nash is hit by Luke Schenn and loses puck.
14:15 of 2nd period - Minor Penalty to Luke Schenn for Slashing.
14:16 of 2nd period - Ryan Kesler wins face-off versus Tomas Plekanec in Sabres zone.
14:16 of 2nd period - Kyle Quincey is hit by Brent Seabrook.
14:26 of 2nd period - Shot by Tomas Plekanec.
14:26 of 2nd period - Deflect By Patrick Sharp.
14:26 of 2nd period - Shot Misses the Net.
14:28 of 2nd period - Shot by Brent Seabrook.
14:28 of 2nd period - Stopped by Marty Turco without a rebound.
14:29 of 2nd period - R.J. Umberger wins face-off versus Ryan Kesler in Sabres zone.
15:13 of 2nd period - Chris Phillips is hit by Tomas Plekanec and loses puck.
15:21 of 2nd period - Icing by Brent Seabrook.
15:22 of 2nd period - Mike Richards wins face-off versus Tomas Plekanec in Canadiens zone.
16:03 of 2nd period - Shot by Martin Havlat.
16:03 of 2nd period - Deflect By Rick Nash.
16:03 of 2nd period - Shot Blocked by Jeff Schultz.
16:32 of 2nd period - Minor Penalty to Chris Phillips for Holding.
16:33 of 2nd period - Mike Richards wins face-off versus R.J. Umberger in Sabres zone.
16:33 of 2nd period - Mike Richards is hit by Rick Nash.
17:01 of 2nd period - Shot by Rick Nash.
17:01 of 2nd period - Shot Blocked by Tyler Myers.
17:17 of 2nd period - Shot by Ed Jovanovski.
17:17 of 2nd period - Goal by Ed Jovanovski - Sabres : 2 - Canadiens : 1.
17:18 of 2nd period - Shawn Horcoff wins face-off versus Rickard Wallin in neutral zone.
17:33 of 2nd period - Kyle Quincey is hit by Tim Gleason and loses puck.
17:41 of 2nd period - Steve Downie is hit by Tim Gleason and loses puck.
18:04 of 2nd period - Shot by Devin Setoguchi.
18:04 of 2nd period - Shot Misses the Net.
18:06 of 2nd period - Shot by Johan Franzen.
18:06 of 2nd period - Stopped by Jaroslav Halak without a rebound.
18:07 of 2nd period - Ryan Kesler wins face-off versus Tomas Plekanec in Canadiens zone.
18:28 of 2nd period - Shot by Tuomo Ruutu.
18:28 of 2nd period - Shot Blocked by Francis Bouillon.
18:30 of 2nd period - Shot by Teemu Selanne.
18:30 of 2nd period - Shot Misses the Net.
18:51 of 2nd period - Icing by Ed Jovanovski.
18:52 of 2nd period - James Neal wins face-off versus Martin Havlat in Canadiens zone.
19:41 of 2nd period - Icing by Patrick Sharp.
19:42 of 2nd period - Jesse Joensuu wins face-off versus Rickard Wallin in Canadiens zone.
19:42 of 2nd period - Jesse Joensuu is hit by Steve Downie.
19:48 of 2nd period - Chris Phillips is hit by Tomas Plekanec and loses puck.

Period #3

0:01 of 3rd period - Tomas Plekanec wins face-off versus Mike Richards in neutral zone.
0:38 of 3rd period - Shot by Mike Richards.
0:38 of 3rd period - Shot Misses the Net.
0:40 of 3rd period - Shot by Brian Gionta.
0:40 of 3rd period - Shot Misses the Net.
1:07 of 3rd period - Shot by Devin Setoguchi.
1:07 of 3rd period - Shot Misses the Net.
1:09 of 3rd period - Shot by Kyle Quincey.
1:09 of 3rd period - Shot Misses the Net.
1:11 of 3rd period - Shot by Devin Setoguchi.
1:11 of 3rd period - Shot Misses the Net.
1:13 of 3rd period - Shot by Kyle Quincey.
1:13 of 3rd period - Stopped by Jaroslav Halak with a rebound.
1:46 of 3rd period - Shot by Tuomo Ruutu.
1:46 of 3rd period - Shot Misses the Net.
1:48 of 3rd period - Shot by Victor Hedman.
1:48 of 3rd period - Stopped by Jaroslav Halak without a rebound.
1:49 of 3rd period - Rickard Wallin wins face-off versus R.J. Umberger in Canadiens zone.
2:01 of 3rd period - Icing by Ed Jovanovski.
2:02 of 3rd period - R.J. Umberger wins face-off versus Mike Richards in Canadiens zone.
2:10 of 3rd period - Minor Penalty to Rick Nash for Delaying the game.
2:11 of 3rd period - Shawn Horcoff wins face-off versus Tuomo Ruutu in Canadiens zone.
2:37 of 3rd period - Shot by Victor Hedman.
2:37 of 3rd period - Shot Blocked by Francis Bouillon.
2:39 of 3rd period - Shot by Victor Hedman.
2:39 of 3rd period - Stopped by Jaroslav Halak without a rebound.
2:40 of 3rd period - Martin Havlat wins face-off versus Mike Richards in Canadiens zone.
2:40 of 3rd period - Martin Havlat is hit by James Neal.
2:59 of 3rd period - Shot by Brian Gionta.
2:59 of 3rd period - Shot Misses the Net.
3:03 of 3rd period - Shot by Brian Gionta.
3:03 of 3rd period - Stopped by Jaroslav Halak without a rebound.
3:04 of 3rd period - Ryan Kesler wins face-off versus Shawn Horcoff in Canadiens zone.
3:05 of 3rd period - Shot by Teemu Selanne.
3:05 of 3rd period - Stopped by Jaroslav Halak without a rebound.
3:06 of 3rd period - Shawn Horcoff wins face-off versus Brian Gionta in Canadiens zone.
3:06 of 3rd period - Ed Jovanovski is hit by James Neal and loses puck.
3:35 of 3rd period - Shot by Brian Gionta.
3:35 of 3rd period - Stopped by Jaroslav Halak without a rebound.
3:36 of 3rd period - Ryan Kesler wins face-off versus Shawn Horcoff in Canadiens zone.
3:59 of 3rd period - Shot by Victor Hedman.
3:59 of 3rd period - Shot Blocked by Brent Seabrook.
4:03 of 3rd period - Shot by Ryan Kesler.
4:03 of 3rd period - Stopped by Jaroslav Halak without a rebound.
4:04 of 3rd period - R.J. Umberger wins face-off versus Mike Richards in Canadiens zone.
4:20 of 3rd period - Shot by Devin Setoguchi.
4:20 of 3rd period - Shot Misses the Net.
4:42 of 3rd period - Shot by David Legwand.
4:42 of 3rd period - Deflect By Devin Setoguchi.
4:42 of 3rd period - Stopped by Jaroslav Halak without a rebound.
4:43 of 3rd period - Ryan Kesler wins face-off versus Shawn Horcoff in Canadiens zone.
5:03 of 3rd period - Shot by Ilya Kovalchuk.
5:03 of 3rd period - Stopped by Marty Turco without a rebound.
5:04 of 3rd period - Mike Richards wins face-off versus Rick Nash in Sabres zone.
5:20 of 3rd period - Shot by Mike Richards.
5:20 of 3rd period - Shot Misses the Net.
5:22 of 3rd period - Shot by Mike Richards.
5:22 of 3rd period - Shot Misses the Net.
5:26 of 3rd period - Shot by James Neal.
5:26 of 3rd period - Stopped by Jaroslav Halak without a rebound.
5:27 of 3rd period - Ryan Kesler wins face-off versus Shawn Horcoff in Canadiens zone.
5:38 of 3rd period - Shot by Tuomo Ruutu.
5:38 of 3rd period - Shot Blocked by Tom Gilbert.
6:20 of 3rd period - Shot by Tomas Plekanec.
6:20 of 3rd period - Stopped by Marty Turco without a rebound.
6:21 of 3rd period - Mike Richards wins face-off versus R.J. Umberger in Sabres zone.
6:48 of 3rd period - Shot by Rick Nash.
6:48 of 3rd period - Shot Misses the Net.
6:54 of 3rd period - Rick Nash is hit by James Neal and loses puck.
8:02 of 3rd period - Kyle Quincey is hit by Tomas Plekanec and loses puck.
8:20 of 3rd period - Icing by Tim Gleason.
8:21 of 3rd period - Ryan Kesler wins face-off versus Ilya Kovalchuk in Canadiens zone.
9:05 of 3rd period - Minor Penalty to Chris Phillips for Tripping.
9:06 of 3rd period - Brian Gionta wins face-off versus Tomas Plekanec in Sabres zone.
9:06 of 3rd period - Brian Gionta is hit by Tomas Plekanec.
9:16 of 3rd period - Patrick Sharp is hit by Mike Richards and loses puck.
10:11 of 3rd period - Shot by Ryan Kesler.
10:11 of 3rd period - Shot Misses the Net.
10:34 of 3rd period - Icing by R.J. Umberger.
10:35 of 3rd period - R.J. Umberger wins face-off versus Mike Richards in Canadiens zone.
11:08 of 3rd period - Shot by Ilya Kovalchuk.
11:08 of 3rd period - Stopped by Marty Turco without a rebound.
11:09 of 3rd period - Shawn Horcoff wins face-off versus Rickard Wallin in Sabres zone.
11:10 of 3rd period - Shot by Ilya Kovalchuk.
11:10 of 3rd period - Stopped by Marty Turco without a rebound.
11:10 of 3rd period - Minor Penalty to Chris Phillips for Hooking.
11:11 of 3rd period - Mike Richards wins face-off versus Ilya Kovalchuk in Sabres zone.
12:05 of 3rd period - Shot by Brent Seabrook.
12:05 of 3rd period - Shot Blocked by Victor Hedman.
12:09 of 3rd period - Shot by Rick Nash.
12:09 of 3rd period - Stopped by Marty Turco without a rebound.
12:10 of 3rd period - R.J. Umberger wins face-off versus James Neal in Sabres zone.
12:20 of 3rd period - Shot by Tomas Plekanec.
12:20 of 3rd period - Shot Blocked by Kyle Quincey.
12:22 of 3rd period - Shot by Tomas Plekanec.
12:22 of 3rd period - Stopped by Marty Turco with a rebound.
12:24 of 3rd period - Shot by R.J. Umberger.
12:24 of 3rd period - Shot Hit the Post.
12:26 of 3rd period - Shot by Tomas Plekanec.
12:26 of 3rd period - Shot Misses the Net.
12:28 of 3rd period - Shot by Tomas Plekanec.
12:28 of 3rd period - Stopped by Marty Turco without a rebound.
12:29 of 3rd period - Tomas Plekanec wins face-off versus Ryan Kesler in Sabres zone.
13:01 of 3rd period - Jeff Schultz is hit by Patrick Sharp.
13:08 of 3rd period - Icing by Patrick Kane.
13:09 of 3rd period - Mike Richards wins face-off versus Tomas Plekanec in Canadiens zone.
14:08 of 3rd period - Icing by Francis Bouillon.
14:09 of 3rd period - Martin Havlat wins face-off versus Ryan Kesler in Canadiens zone.
14:19 of 3rd period - Icing by Victor Hedman.
14:20 of 3rd period - Tomas Plekanec wins face-off versus Ryan Kesler in Sabres zone.
15:23 of 3rd period - Shot by Brian Gionta.
15:23 of 3rd period - Shot Misses the Net.
15:27 of 3rd period - Shot by James Neal.
15:27 of 3rd period - Stopped by Jaroslav Halak without a rebound.
15:28 of 3rd period - David Legwand wins face-off versus Rick Nash in Canadiens zone.
16:19 of 3rd period - Off-side.
16:20 of 3rd period - Ilya Kovalchuk wins face-off versus Mike Richards in neutral zone.
16:20 of 3rd period - Jeff Taffe is hit by James Neal and loses puck.
16:33 of 3rd period - Shot by Brent Seabrook.
16:33 of 3rd period - Shot Misses the Net.
16:36 of 3rd period - Minor Penalty to Jeff Schultz for Holding.
16:37 of 3rd period - Tomas Plekanec wins face-off versus Ryan Kesler in Sabres zone.
17:02 of 3rd period - Shot by Tomas Plekanec.
17:02 of 3rd period - Deflect By Patrick Sharp.
17:02 of 3rd period - Shot Misses the Net.
17:25 of 3rd period - Icing by Brent Seabrook.
17:26 of 3rd period - R.J. Umberger wins face-off versus Mike Richards in Canadiens zone.
17:46 of 3rd period - Shot by Toni Lydman.
17:46 of 3rd period - Shot Misses the Net.
17:48 of 3rd period - Shot by Rick Nash.
17:48 of 3rd period - Stopped by Marty Turco without a rebound.
17:49 of 3rd period - Ryan Kesler wins face-off versus Ilya Kovalchuk in Sabres zone.
19:17 of 3rd period - Mike Richards is hit by Rick Nash and loses puck.
19:20 of 3rd period - Canadiens, Jaroslav Halak is pulled from the net.
19:30 of 3rd period - Jeff Schultz is hit by Patrick Kane and loses puck.
19:35 of 3rd period - Shot by Patrick Sharp.
19:35 of 3rd period - Deflect By Patrick Kane.
19:35 of 3rd period - Stopped by Marty Turco without a rebound.
19:36 of 3rd period - Tomas Plekanec wins face-off versus Ryan Kesler in Sabres zone.


Output by the SimonT Hockey Simulator (STHS) for Stephane Roy -- Original Page W3C XHTML 1.0 Valid